 Dungeon Crawl Stone Soup version 0.27.0-1-g7a089689b8 (webtiles) character file.

Game seed: 6360790108684244972

27 robertstho the Magician (level 3, -3/27 HPs)
             Began as a Djinni Fire Elementalist on Aug 5, 2021.
             Slain by Terence (7 damage)
             ... on level 2 of the Dungeon.
             The game lasted 00:01:37 (1966 turns).

robertstho the Magician (Djinni Fire Elementalist)  Turns: 1966, Time: 00:01:37

Health: -3/27      AC:  2    Str:  7    XL:     3   Next: 25%
Gold:   26         EV: 12    Int: 17    God:
                   SH:  0    Dex: 13

rFire    + + .     SeeInvis .   (no weapon)
rCold    x . .     Faith    .   (no shield)
rNeg     . . .     Spirit   .   a - +0 robe
rPois    ∞         Reflect  .   (no helmet)
rElec    .         Harm     .   (no cloak)
rCorr    .         Rampage  .   (no gloves)
Will     .....                  (boots unavailable)
Stlth    ++........             (no amulet)
HPRegen  0.09/turn              (no ring)
MPRegen  0.00/turn              (no ring)

@: mighty, flying
A: sickness immunity, fire resistance 2, cold vulnerability 1, float, innate
caster, hp casting, extra vitality 1
a: no special abilities


You were on level 2 of the Dungeon.
You visited 1 branch of the dungeon, and saw 2 of its levels.

You collected 26 gold pieces.

Inventory:

Armour
 a - a +0 robe (worn)
Jewellery
 c - a +4 ring of evasion
Scrolls
 e - a scroll of summoning {unknown}
 f - a scroll of identify {unknown}
Potions
 b - 3 potions of might


   Skills:
 * Level 1.4 Fighting
 + Level 2.2 Dodging
 + Level 1.6 Stealth
 * Level 3.0 Spellcasting


You couldn't memorise any spells.
You knew the following spells:

 Your Spells              Type           Power      Damage    Failure   Level
a - Foxfire               Conj/Fire      48%        2x1d6     4%          1
b - Conjure Flame         Conj/Fire      12%        6-21      16%         3
c - Inner Flame           Hex/Fire       12%        N/A       16%         3
d - Sticky Flame          Conj/Fire      12%        2d4       45%         4
e - Fireball              Conj/Fire      6%         3d5       80%         5
f - Sting                 Tmut/Pois      48%        1d5       4%          1
Your spell library was empty.

Dungeon Overview and Level Annotations

Branches:
Dungeon (2/15)

Altars:

Shops:
D:1 (

Annotations:
D:2 Terence


Innate Abilities, Weirdness & Mutations

You are immune to sickness and miasma.
You are immune to poison.
Your flesh is very heat resistant. (rF++)
You are vulnerable to cold. (rC-)
You float through the air rather than walking.
You learn spells naturally, not from books.
Your magical power is your life essence.
You have superior vitality. (+4 HP)


Message History

The foxfire hits Terence but does no damage.
Terence is heavily wounded.
Casting: Foxfire (safe; 4% risk of failure)
Press: ? - help, Q - select action, (/) - cycle Dir - look around, f - activate You conjure some foxfire!
Terence closely misses you.
The foxfire hits Terence but does no damage.
Terence is heavily wounded.
The foxfire hits Terence but does no damage.
Terence is heavily wounded.
Terence barely misses you.
Casting: Foxfire (safe; 4% risk of failure)
Press: ? - help, Q - select action, (/) - cycle Dir - look around, f - activate You conjure some foxfire!
Terence hits you with a +0 short sword.
The foxfire hits Terence.
Terence is severely wounded.
The foxfire hits Terence but does no damage.
Terence is severely wounded.
Terence hits you with a +0 short sword.
Casting: Foxfire (safe; 4% risk of failure)
Press: ? - help, Q - select action, (/) - cycle Dir - look around, f - activate You conjure some foxfire!
Terence hits you with a +0 short sword!
* * * LOW HITPOINT WARNING * * *
Unknown command.
The foxfire hits Terence but does no damage.
Terence is severely wounded.
The foxfire hits Terence.
Terence is severely wounded.
It was a potion of might.
You feel very mighty all of a sudden. Terence closely misses you.
Terence shouts, "Now you die!"
As you read the scroll labelled DOSMIJ NOUFO, it crumbles to dust.
It is a scroll of enchant weapon.
You aren't carrying any weapons that can be enchanted.
Terence shouts, "Get ready for death!"
Terence hits you with a +0 short sword!
You die...

#..#########
#...<.......
##.#########
#.# #.# #.#
#.#
#.##########.#
#....@@......#
##############


You could see Terence.

Vanquished Creatures
  A dart slug (D:1)
  An endoplasm (D:1)
  2 giant cockroaches (D:1)
  4 hobgoblins (D:1)
  4 jackals (D:1)
  3 quokkas (D:1)
  3 ball pythons (D:1)
  A frilled lizard (D:1)
  A kobold (D:1)
  A rat (D:1)
21 creatures vanquished.

Vanquished Creatures (others)
  92 foxfires
92 creatures vanquished.

Grand Total: 113 creatures vanquished

Notes
Turn   | Place    | Note
-------+----------+-------------------------------------------
     0 | D:1      | robertstho the Djinni Fire Elementalist began the quest for
                  | the Orb.
     0 | D:1      | Reached XP level 1. HP: 15/15 MP: 0/0
   324 | D:1      | Reached skill level 1 in Fighting
   519 | D:1      | Reached XP level 2. HP: 21/22 MP: 0/0
   600 | D:1      | Found Poyhae's Antique Weapon Boutique.
  1319 | D:1      | Reached XP level 3. HP: 21/27 MP: 0/0
  1319 | D:1      | Learned a level 1 spell: Sting
  1531 | D:1      | Reached skill level 3 in Spellcasting
  1941 | D:2      | Noticed Terence
  1966 | D:2      | Slain by Terence

Illustrated notes

Levels and vault maps discovered:
D:1:      kennysheep_arrival_seaside, layout_basic, serial_shops, shop_statue,
          kennysheep_flooded_box
D:2:      layout_loops_ring, chequers_ecumenical_altar_simple, uniq_terence

Skill      XL: |  1  2  3 |
---------------+----------+-----
Fighting       | 1 |  1.4
Spellcasting   | 3 |  3.0
Dodging        | |  2.2
Stealth        | |  1.6

Action                   || total
-------------------------++-------
 Cast: Foxfire           ||    57
  Use: Scroll            ||     1
       Potion            ||     1
Armor: Robe              ||     2
Dodge: Dodged            ||    23
